 Dungeon Sprint DCSS version 0.30-a0-883-g5ad918d77d (webtiles) character file.

Game seed: 8415351227286847478

15 BigDaddyOpFi the Trooper (level 2, 0/25 HPs)
             Began as a Demonspawn Fighter on Mar 16, 2023.
             Was a Follower of Qazlal.
             Slain by a gnoll
             ... wielding a +0 spear
              (3 damage)
             ... in the Dungeon (Sprint VII: "The Pits").
             The game lasted 00:00:25 (310 turns).

BigDaddyOpFi the Trooper (Demonspawn Fighter)        Turns: 310, Time: 00:00:25

Health: 0/25       AC:  6    Str: 16    XL:     2   Next: 34%
Magic:  3/3        EV:  8    Int:  9    God:    Qazlal [*.....]
Gold:   0          SH: 10    Dex: 12    Spells: 1/1 levels left

rFire   . . .      SeeInvis .    a - +0 war axe
rCold   . . .      Faith    .    c - +0 buckler
rNeg    . . .      Spirit   .    b - +0 scale mail
rPois   .          Reflect  .    (no helmet)
rElec   .          Rampage  .    (no cloak)
rCorr   .          NoTele   +    (no gloves)
Will    .....                    (no boots) Stlth
                                 (no amulet)
HPRegen 0.24/turn                (no ring)
MPRegen 0.08/turn                (no ring)

@: no status effects
A: large bone plates 1
a: Renounce Religion


You were in the Dungeon.
You worshipped Qazlal.
Qazlal was aware of your devotion.
You visited 1 branch

Inventory:

Hand Weapons
 a - a +0 war axe (weapon)
Armour
 b - a +0 scale mail (worn)
 c - a +0 buckler (worn)
Scrolls
 j - a scroll of blinking
Potions
 d - a potion of might
 e - a potion of curing
 g - a potion of haste
 h - 4 potions of magic
 i - 3 potions of berserk rage
 k - 2 potions of invisibility


   Skills:
 + Level 3.6 Fighting
 + Level 2.6 Axes
 + Level 3.3 Armour
 + Level 3.3 Shields
 * Level 2.3 Invocations


You had one spell level left.
You didn't know any spells.
Your spell library was empty.

Dungeon Overview and Level Annotations

Branches:
Dungeon (1/1)

Altars:
Ashenzari
Cheibriados
Dithmenos
Fedhas
Gozag
Hepliaklqana
Kikubaaqudgha
Makhleb
Nemelex Xobeh
Okawaru
Qazlal
Ru
Sif Muna
Trog
Uskayaw
Vehumet
Wu Jian
Xom
Yredelemnul
Jiyva
Lugonu


Innate Abilities, Weirdness & Mutations

You are partially covered in large bone plates. (SH +4)


Message History

The hobgoblin shouts!
You hear an angry hiss.
A gnoll and an adder come into view.
The gnoll hits you from afar with a +0 spear.
The scorpion stings you but does no damage.
There is an open door here.
You barely miss the scorpion. You hit the hobgoblin.
The scorpion stings you but does no damage.
You block the gnoll's attack.
The hobgoblin hits you but does no damage.
You closely miss the scorpion. You barely miss the adder.
You barely miss the hobgoblin. You block the scorpion's attack.
The gnoll hits you from afar with a +0 spear.
The hobgoblin closely misses you. The adder bites you but does no damage.
The scorpion stings you.
The gnoll hits you from afar with a +0 spear.
The hobgoblin hits you but does no damage.
You barely miss the scorpion. You hit the hobgoblin.
You kill the hobgoblin!
Qazlal accepts your kill.
You closely miss the adder. The adder bites you but does no damage.
The scorpion closely misses you. The adder bites you but does no damage.
You block the gnoll's attack. You block the scorpion's attack.
You hit the adder.
The adder is lightly wounded.
The adder bites you but does no damage. x2
The gnoll hits you from afar with a +0 spear.
You closely miss the adder.
The adder is lightly wounded.
The adder barely misses you. x2
The gnoll hits you from afar with a +0 spear.
You closely miss the adder.
The adder is lightly wounded.
The adder bites you. You block the gnoll's attack.
The adder closely misses you.
You barely miss the adder. The adder misses you.
The gnoll hits you from afar with a +0 spear!
* * * LOW HITPOINT WARNING * * *
You block the adder's attack.
The gnoll hits you from afar with a +0 spear.
You die...

##########'##...........
#.?(.')))'.##......#..#
##########.##..........
#...........'...........
#+#####)#####......#..#.
#.....##...........
#####†#####'#####+
#.....##.......#
#..@☼.##.......#
###S####.......#
#..sg.##...<...#
........##.......#
#........##.......#
###########.......#
#########


You could see a scorpion, a gnoll and an adder.

Vanquished Creatures
  A river rat (D)
  An endoplasm (D)
  A goblin (D)
  A hobgoblin (D)
  A quokka (D)
  A ball python (D)
6 creatures vanquished.

Notes
Turn   | Place    | Note
-------+----------+-------------------------------------------
     0 | D        | BigDaddyOpFi the Demonspawn Fighter began the quest for the
                  | Orb.
     0 | D        | Reached XP level 1. HP: 18/18 MP: 1/1
    16 | D        | Found a bloodstained altar of Trog.
    16 | D        | Found a shimmering blue altar of Sif Muna.
    16 | D        | Found a viscous altar of Jiyva.
    16 | D        | Found a hazy altar of Hepliaklqana.
    16 | D        | Found an opulent altar of Gozag.
    17 | D        | Found a basalt altar of Yredelemnul.
    17 | D        | Found a shimmering altar of Xom.
    17 | D        | Found an ornate altar of the Wu Jian Council.
    17 | D        | Found a sacrificial altar of Ru.
    17 | D        | Found a stormy altar of Qazlal.
    17 | D        | Found an iron altar of Okawaru.
    17 | D        | Found a sparkling altar of Nemelex Xobeh.
    17 | D        | Found a burning altar of Makhleb.
    17 | D        | Found a blossoming altar of Fedhas.
    17 | D        | Found a shadowy altar of Dithmenos.
    17 | D        | Found a snail-covered altar of Cheibriados.
    18 | D        | Found a radiant altar of Vehumet.
    18 | D        | Found a corrupted altar of Lugonu.
    19 | D        | Found a hide-covered altar of Uskayaw.
    19 | D        | Found an ancient bone altar of Kikubaaqudgha.
    19 | D        | Found a broken altar of Ashenzari.
    24 | D        | Became a worshipper of Qazlal Stormbringer
   166 | D        | Reached * piety under Qazlal
   176 | D        | Gained mutation: You are partially covered in large bone
                  | plates. (SH +4) [demonic ancestry]
   176 | D        | Reached XP level 2. HP: 23/24 MP: 1/3
   301 | D        | Noticed a scorpion
   310 | D        | Slain by a gnoll

Illustrated notes

Levels and vault maps discovered:
D:        pitsprint [storerooms_1, entrance_room_1, metal_vault_1, armoury_1,
          mini_pit_1, grid_room_1, main_hall_1, silver_pit, the_coven_1,
          the_vestibule_1, steel_vault_3, golden_pit, hallway_of_sentries,
          crystal_vault_4, iron_vault_2, final_vault]

Skill      XL: |  1 |
---------------+----+-----
Axes           | 2 |  2.6
Armour         | 3 |  3.3
Shields        | 3 |  3.3
Invocations    | 2 |  2.3
Fighting       | |  3.6

Action                     || total
---------------------------++-------
  Melee: War axe           ||    27
    Use: Potion            ||     1
 Armour: Scale mail        ||    14
  Dodge: Dodged            ||    14
  Block: Buckler           ||    10

Table legend: (Time is in decaauts)
 A = Elapsed time spent in this place.
 B = Non-inter-level travel time spent in this place.
 C = Inter-level travel time spent in this place.
 D = Time resting spent in this place.
 E = Time spent auto-exploring this place.
 F = Levels seen in this place.
 G = Mean time per level.
                   A        B        C        D        E       F      G
               +--------+--------+--------+--------+--------+-----+--------+
         Total |    320 |    320 |      0 |    223 |      0 |   1 |  320.0 |
       Dungeon |    320 |    320 |      0 |    223 |      0 |   1 |  320.0 |
               +--------+--------+--------+--------+--------+-----+--------+

Top non-repeatable levels by time:
       D: 320 daAuts
